 Dungeon Crawl Stone Soup version 0.28-a0-87-g9a7839dea9 (webtiles) character file.

Game seed: 202945925811301389

105 ithillserisiriel the Vexing (level 4, -1/32 HPs)
             Began as a Gnoll Wanderer on Aug 6, 2021.
             Killed from afar by an orc wizard (10 damage)
             ... with a magic dart
             ... on level 3 of the Dungeon.
             The game lasted 00:19:46 (3255 turns).

ithillserisiriel the Vexing (Gnoll Wanderer)        Turns: 3255, Time: 00:19:47

Health: -1/32      AC:  8    Str: 10    XL:     4   Next: 83%
Magic:  11/11      EV:  8    Int: 10    God:
Gold:   63         SH:  0    Dex: 15    Spells: 13/13 levels left

rFire   . . .      SeeInvis .   m - +2 mace (vorpal)
rCold   . . .      Faith    .   (no shield)
rNeg    . . .      Spirit   .   d - +0 scale mail
rPois   .          Reflect  .   (no helmet)
rElec   .          Harm     .   (no cloak)
rCorr   .          Rampage  .   (no gloves)
Will    .....                   j - +1 pair of boots
Stlth   ..........              (no amulet)
HPRegen 0.10/turn               (no ring)
MPRegen 0.12/turn               (no ring)

@: no status effects
A: fangs 1, strong nose, distributed training
a: no special abilities


You were on level 3 of the Dungeon.
You visited 1 branch of the dungeon, and saw 3 of its levels.

You collected 63 gold pieces.

Inventory:

Hand Weapons
 m - a +2 vorpal mace (weapon)
Missiles
 f - 26 arrows
 l - 6 poisoned darts (quivered)
Armour
 d - a +0 scale mail (worn)
 j - a +1 pair of boots (worn)
Scrolls
 a - a scroll of fear {unknown}
 g - 2 scrolls of teleportation {unknown}
 h - a scroll of amnesia {unknown}
 i - 2 scrolls of vulnerability {unknown}
 k - a scroll of fog {unknown}
 n - a scroll of enchant weapon {unknown}
Potions
 b - 2 potions of invisibility {unknown}
 c - a potion of curing
 e - a potion of heal wounds {unknown}


   Skills:
 + Level 1.2 Fighting
 + Level 1.2 Short Blades
 + Level 1.2 Long Blades
 + Level 1.2 Axes
 + Level 1.2 Maces & Flails
 + Level 1.2 Polearms
 + Level 1.2 Staves
 + Level 1.2 Slings
 + Level 1.2 Bows
 + Level 1.2 Crossbows
 + Level 1.2 Throwing
 + Level 1.2 Armour
 + Level 1.2 Dodging
 + Level 1.2 Stealth
 + Level 2.8 Shields
 + Level 1.2 Unarmed Combat
 + Level 5.1 Spellcasting
 + Level 1.0 Conjurations
 + Level 5.5 Hexes
 + Level 1.0 Summonings
 + Level 3.9 Necromancy
 + Level 1.0 Translocations
 + Level 1.0 Transmutations
 + Level 2.3 Fire Magic
 + Level 1.0 Ice Magic
 + Level 1.0 Air Magic
 + Level 1.0 Earth Magic
 + Level 1.0 Poison Magic
 + Level 1.4 Invocations
 + Level 2.8 Evocations


You had 13 spell levels left.
You didn't know any spells.
Your spell library contained the following spells:

 Spells                   Type           Power      Damage    Failure   Level
 Corona                   Hex            14%        N/A       16%         1
 Confusing Touch          Hex            13%        N/A       43%         3
 Tukima's Dance           Hex            13%        N/A       43%         3
 Ensorcelled Hibernation  Hex/Ice        18%        N/A       52%         2
 Foxfire                  Conj/Fire      20%        2x1d5     61%         1
 Dazzling Flash           Conj/Hex       18%        N/A       77%         3
 Ignite Poison            Fire/Tmut/Pois 5%         N/A       94%         3


Dungeon Overview and Level Annotations

Branches:
Dungeon (3/15)

Altars:


Innate Abilities, Weirdness & Mutations

You have very sharp teeth.
Your uncanny sense of smell can sniff out nearby items.
Your experience applies equally to all skills.


Message History

Something tries to affect you, but you resist.
You hit the orc.
You kill the orc!
Something hits you but does no damage.
You feel less confused. Something hits you.
Things that are here:
a +0 dagger; a +0 leather armour; an orc corpse
Things that are here:
a +0 short sword; a +0 leather armour You miss something.
Something hits you but does no damage. x2
You completely miss something. Your bite misses something.
Something hits you but does no damage.
Your scale mail prevents you from hitting something.
Something hits you.
You miss something. Something hits you but does no damage. Something hits you.
You miss something. You bite something. Something completely misses you.
You closely miss something. Something hits you but does no damage.
You miss something. Something hits you. Something completely misses you.
You miss something. Something hits you but does no damage.
You closely miss something. You punch something. Your bite misses something.
Something hits you but does no damage.
You closely miss something.
You hear some strange, mumbled words.
You are confused.
Something hits you.
You're too confused to move!
You hear some strange, mumbled words.
A puff of flame appears from out of thin air!
The puff of flame hits you but does no damage.
You bump into the rock wall.
Something hits you.
You hit something. Something completely misses you.
You closely miss something. Your bite misses something. Something hits you.
* * * LOW HITPOINT WARNING * * *
You miss something.
You feel less confused.
You hear some strange, mumbled words.
A magic dart appears from out of thin air!
The magic dart hits you!
You die...

...## #.## ###.# ##.
....# #..## ##.#.# ##..
....#
#...###########....###...
....#
#.†..................'...
....#
#...###########....###...
....# #..####### ##.#.#
##.. ...## #........#
###.# ##. ..## #..#####{#
..# ## '## ###. #@# ### #
.# .. #.####.## [# ..#
#..?..... .### #.#
#).###.## ∆ # ...# .#
#).# # ...# .. ...# #.
...# ###.# ..... .#.# .#
##### ..... .#


There were no monsters in sight!

Vanquished Creatures
  4 worms
  2 dart slugs
  6 orcs
  3 endoplasms (D:1)
  2 giant cockroaches
  2 goblins
  5 hobgoblins
  2 jackals (D:3)
  9 kobolds
  4 quokkas
  3 ball pythons
  5 bats
  3 frilled lizards
  11 rats
61 creatures vanquished.

Vanquished Creatures (others)
  An orc wizard (D:3)
  A plant (D:1)
2 creatures vanquished.

Grand Total: 63 creatures vanquished

Notes
Turn   | Place    | Note
-------+----------+-------------------------------------------
     0 | D:1      | ithillserisiriel the Gnoll Wanderer began the quest for the
                  | Orb.
     0 | D:1      | ithillserisiriel set off with the following items: a +0
                  | dagger, a +0 robe, a potion of curing; and the following
                  | spells available to memorise: Corona, Confusing Touch,
                  | Tukima's Dance, Ensorcelled Hibernation, Foxfire, Dazzling
                  | Flash, Ignite Poison
     0 | D:1      | Reached XP level 1. HP: 13/13 MP: 6/6
   446 | D:1      | Reached XP level 2. HP: 15/19 MP: 7/7
  1015 | D:1      | Found a faded altar of an unknown god.
  1029 | D:1      | Reached XP level 3. HP: 24/25 MP: 9/9
  1177 | D:1      | Reached skill level 5 in Spellcasting
  1717 | D:2      | Reached skill level 1 in Invocations
  2529 | D:3      | Reached skill level 1 in Fighting
  2529 | D:3      | Reached skill level 1 in Short Blades
  2529 | D:3      | Reached skill level 1 in Long Blades
  2529 | D:3      | Reached skill level 1 in Axes
  2529 | D:3      | Reached skill level 1 in Maces & Flails
  2529 | D:3      | Reached skill level 1 in Polearms
  2529 | D:3      | Reached skill level 1 in Staves
  2529 | D:3      | Reached skill level 1 in Slings
  2529 | D:3      | Reached skill level 1 in Bows
  2529 | D:3      | Reached skill level 1 in Crossbows
  2529 | D:3      | Reached skill level 1 in Throwing
  2529 | D:3      | Reached skill level 1 in Armour
  2529 | D:3      | Reached skill level 1 in Dodging
  2529 | D:3      | Reached skill level 1 in Stealth
  2529 | D:3      | Reached skill level 1 in Unarmed Combat
  2820 | D:3      | Reached XP level 4. HP: 30/32 MP: 11/11
  3229 | D:3      | Reached skill level 1 in Conjurations
  3229 | D:3      | Reached skill level 1 in Summonings
  3229 | D:3      | Reached skill level 1 in Translocations
  3229 | D:3      | Reached skill level 1 in Transmutations
  3229 | D:3      | Reached skill level 1 in Ice Magic
  3229 | D:3      | Reached skill level 1 in Air Magic
  3229 | D:3      | Reached skill level 1 in Earth Magic
  3229 | D:3      | Reached skill level 1 in Poison Magic
  3255 | D:3      | Killed from afar by an orc wizard

Illustrated notes

Levels and vault maps discovered:
D:1:      tarquinn_simple_flora_water_c, layout_rooms,
          ebering_ecumenical_altar_hall
D:2:      layout_rooms
D:3:      layout_loops_corners, st_stairs_12, kennysheep_cross_bottleneck

Skill      XL: |  1  2  3  4 |
---------------+-------------+-----
Fire Magic     | 2 |  2.3
Spellcasting   | 5 |  5.1
Invocations    | 1 |  1.4
Fighting       | 1 |  1.2
Short Blades   | 1 |  1.2
Long Blades    | 1 |  1.2
Axes           | 1 |  1.2
Maces & Flails | 1 |  1.2
Polearms       | 1 |  1.2
Staves         | 1 |  1.2
Slings         | 1 |  1.2
Bows           | 1 |  1.2
Crossbows      | 1 |  1.2
Throwing       | 1 |  1.2
Armour         | 1 |  1.2
Dodging        | 1 |  1.2
Stealth        | 1 |  1.2
Unarmed Combat | 1 |  1.2
Conjurations   | 1 |  1.0
Summonings     | 1 |  1.0
Translocations | 1 |  1.0
Transmutations | 1 |  1.0
Ice Magic      | 1 |  1.0
Air Magic      | 1 |  1.0
Earth Magic    | 1 |  1.0
Poison Magic   | 1 |  1.0
Shields        | |  2.8
Hexes          | |  5.5
Necromancy     | |  3.9
Evocations     | |  2.8

Action                   |  1- 3 |  4- 6 || total
-------------------------+-------+-------++-------
Melee: Dagger            |   256 |       ||   256
       Bite              |    25 |     4 ||    29
       Mace              |     4 |    50 ||    54
       Punch             |       |     2 ||     2
Armor: Scale mail        |   107 |    31 ||   138
Dodge: Dodged            |    91 |    23 ||   114

Table legend: (Time is in decaauts)
 A = Elapsed time spent in this place.
 B = Non-inter-level travel time spent in this place.
 C = Inter-level travel time spent in this place.
 D = Time resting spent in this place.
 E = Time spent auto-exploring this place.
 F = Levels seen in this place.
 G = Mean time per level.
                   A        B        C        D        E       F      G
               +--------+--------+--------+--------+--------+-----+--------+
         Total |   3268 |   3268 |      0 |   1107 |      0 |   3 | 1089.3 |
       Dungeon |   3268 |   3268 |      0 |   1107 |      0 |   3 | 1089.3 |
               +--------+--------+--------+--------+--------+-----+--------+

Top non-repeatable levels by time:
     D:1: 1431 daAuts
     D:3: 920 daAuts
     D:2: 916 daAuts
